BLB
PHOENIX ROADRUNNERS @ WINDY CITY BLUES
07/15/2059
 
TOP OF THE 1ST
Phoenix Roadrunners batting - Pitching for Windy City Blues : RHP Cade Hogan
Pitching: RHP Cade Hogan
Batting: RHB Rick Anderson 0-0: Ball
1-0: SINGLE (Groundball, 6MD, EV 101.2 MPH)
Batting: LHB Dwight Bell 0-0: Called Strike
0-1: Ball
1-1: Called Strike
1-2: DOUBLE (Line Drive, 78XD, EV 100.0 MPH)
Rick Anderson to third
Batting: LHB Rayshaun Stuart 0-0: Ball
1-0: Foul Ball, location: 2F
1-1: Fly out, F9 (Flyball, 9D, EV 93.8 MPH)
Runner from 3rd tags up, SCORES, no throw by RF
Dwight Bell to third
Batting: LHB Devon Cundiff 0-0: Ball
1-0: Called Strike
1-1: Ball
Wild Pitch!
Dwight Bell scores
2-1: Ground out 5-3 (Groundball, 15, EV 81.9 MPH)
Batting: LHB Neil Wanat 0-0: Fly out, F8 (Flyball, 8RD, EV 90.6 MPH)
Top of the 1st over - 2 runs, 2 hits, 0 errors, 0 left on base; Phoenix 2 - Windy City 0
BOTTOM OF THE 1ST
Windy City Blues batting - Pitching for Phoenix Roadrunners : RHP Louis Berry
Pitching: RHP Louis Berry
Batting: RHB Ty Dec 0-0: DOUBLE (Groundball, 5L, EV 100.6 MPH)
Batting: SHB J.J. Evans 0-0: Called Strike
0-1: Swinging Strike
0-2: Ball
1-2: Strikes out swinging
Batting: LHB Tommy Tuten 0-0: Ball
1-0: Called Strike
1-1: Foul Ball, location: 2F
1-2: Ball
2-2: SINGLE (Line Drive, 9LM, EV 88.1 MPH)
Ty Dec to third
Batting: LHB Idris Wnuk 0-0: Ball
1-0: Ball
2-0: Called Strike
2-1: Grounds into double play, 4-6-3 (Groundball, 4MS, EV 81.9 MPH)
Bottom of the 1st over - 0 runs, 2 hits, 0 errors, 1 left on base; Phoenix 2 - Windy City 0
TOP OF THE 2ND
Phoenix Roadrunners batting - Pitching for Windy City Blues : RHP Cade Hogan
Batting: RHB Reginald Botoman 0-0: Fly out, F6 (Line Drive, 6D, EV 70.0 MPH)
Batting: LHB Tavin Kang 0-0: Ball
1-0: Foul Ball, location: 2F
1-1: Foul Ball, location: 2F
1-2: Strikes out swinging
Batting: RHB Boone Gellings 0-0: Swinging Strike
0-1: Fly out, F8 (Flyball, 8RD, EV 100.0 MPH)
Top of the 2nd over - 0 runs, 0 hits, 0 errors, 0 left on base; Phoenix 2 - Windy City 0
BOTTOM OF THE 2ND
Windy City Blues batting - Pitching for Phoenix Roadrunners : RHP Louis Berry
Batting: RHB Corbin Herron 0-0: Ball
1-0: Swinging Strike
1-1: Swinging Strike
1-2: Strikes out swinging
Batting: RHB Donovan Butler 0-0: Ball
1-0: Called Strike
1-1: Called Strike
1-2: Foul Ball, location: 2F
1-2: Strikes out swinging
Batting: RHB Del Tarrance 0-0: Foul Ball, location: 2F
0-1: Fly out, F4 (Popup, 4S, EV 63.1 MPH)
Bottom of the 2nd over - 0 runs, 0 hits, 0 errors, 0 left on base; Phoenix 2 - Windy City 0
TOP OF THE 3RD
Phoenix Roadrunners batting - Pitching for Windy City Blues : RHP Cade Hogan
Batting: RHB Tyrek Schaaf 0-0: Ball
1-0: Ball
2-0: Fly out, F4 (Popup, 4, EV 71.9 MPH)
Batting: RHB Rick Anderson 0-0: Foul Ball, location: 2F
0-1: Fly out, F8 (Flyball, 78D, EV 99.4 MPH)
Batting: LHB Dwight Bell 0-0: Ball
1-0: Foul Ball, location: 2F
1-1: SINGLE (Groundball, 6D, EV 97.5 MPH)
Batting: LHB Rayshaun Stuart 0-0: Called Strike
Dwight Bell is caught stealing 2nd base 2-6
Top of the 3rd over - 0 runs, 1 hit, 0 errors, 0 left on base; Phoenix 2 - Windy City 0
BOTTOM OF THE 3RD
Windy City Blues batting - Pitching for Phoenix Roadrunners : RHP Louis Berry
Batting: RHB Adrien Jimenez 0-0: Ground out U3 (Groundball, 34, EV 101.2 MPH)
Batting: RHB K.J. Avery 0-0: Foul Ball, location: 2F
0-1: Ball
1-1: Fly out, F7 (Flyball, 7LS, EV 71.2 MPH)
Batting: RHB Ty Dec 0-0: Ground out 5-3 (Groundball, 5, EV 107.5 MPH)
Bottom of the 3rd over - 0 runs, 0 hits, 0 errors, 0 left on base; Phoenix 2 - Windy City 0
TOP OF THE 4TH
Phoenix Roadrunners batting - Pitching for Windy City Blues : RHP Cade Hogan
Batting: LHB Rayshaun Stuart 0-0: Called Strike
0-1: Fly out, F4 (Line Drive, 4, EV 66.2 MPH)
Batting: LHB Devon Cundiff 0-0: Ball
1-0: Ball
2-0: Ball
3-0: Called Strike
3-1: Foul Ball, location: 2F
3-2: Foul Ball, location: 2F
3-2: Foul Ball, location: 2F
3-2: SINGLE (Line Drive, 8RS, EV 92.5 MPH)
Batting: LHB Neil Wanat 0-0: Ball
1-0: Ball
Devon Cundiff is caught stealing 2nd base 2-6
2-0: Called Strike
2-1: Foul Ball, location: 2F
2-2: Foul Ball, location: 2F
2-2: Ball
3-2: Foul Ball, location: 2F
3-2: Fly out, F8 (Line Drive, 8LS, EV 88.1 MPH)
Top of the 4th over - 0 runs, 1 hit, 0 errors, 0 left on base; Phoenix 2 - Windy City 0
BOTTOM OF THE 4TH
Windy City Blues batting - Pitching for Phoenix Roadrunners : RHP Louis Berry
Batting: SHB J.J. Evans 0-0: Foul Ball, location: 2F
0-1: Ball
1-1: SOLO HOME RUN (Flyball, 89XD, EV 101.2 MPH), Distance : 398 ft
Batting: LHB Tommy Tuten 0-0: Ball
1-0: Foul Ball, location: 2F
1-1: Ball
2-1: Called Strike
2-2: Ball
3-2: Foul Ball, location: 2F
3-2: Foul Ball, location: 2F
3-2: Fly out, F7 (Flyball, 7, EV 93.1 MPH)
Batting: LHB Idris Wnuk 0-0: Ball
1-0: Ground out 3-1 (Groundball, 34, EV 91.2 MPH)
Batting: RHB Corbin Herron 0-0: Ball
1-0: Ball
2-0: Called Strike
2-1: Foul Ball, location: 2F
2-2: Ball
3-2: Strikes out swinging
Bottom of the 4th over - 1 run, 1 hit, 0 errors, 0 left on base; Phoenix 2 - Windy City 1
TOP OF THE 5TH
Phoenix Roadrunners batting - Pitching for Windy City Blues : RHP Cade Hogan
Batting: RHB Reginald Botoman 0-0: Ball
1-0: SINGLE (Groundball, 4MD, EV 102.5 MPH)
Batting: LHB Tavin Kang 0-0: Ball
1-0: Called Strike
1-1: Foul Ball, location: 2F
1-2: Strikes out swinging
Batting: RHB Boone Gellings 0-0: Ground out 4-3 (Groundball, 34, EV 79.4 MPH)
Reginald Botoman to second
Batting: RHB Tyrek Schaaf 0-0: Called Strike
Reginald Botoman steals 3rd base
0-1: Ball
1-1: Foul Ball, location: 2F
1-2: 2-RUN HOME RUN (Flyball, 7LD, EV 92.5 MPH), Distance : 342 ft
Batting: RHB Rick Anderson 0-0: Foul Ball, location: 2F
0-1: Ball
1-1: Ball
2-1: Ground out 6-3 (Groundball, 6, EV 86.2 MPH)
Top of the 5th over - 2 runs, 2 hits, 0 errors, 0 left on base; Phoenix 4 - Windy City 1
BOTTOM OF THE 5TH
Windy City Blues batting - Pitching for Phoenix Roadrunners : RHP Louis Berry
Batting: RHB Donovan Butler 0-0: Swinging Strike
0-1: Ball
1-1: Ball
2-1: Fly out, F9 (Flyball, 9, EV 87.5 MPH)
Batting: RHB Del Tarrance 0-0: Ball
1-0: Called Strike
1-1: Ball
2-1: Called Strike
2-2: DOUBLE (Line Drive, 9LS, EV 95.6 MPH)
Batting: RHB Adrien Jimenez 0-0: SINGLE (Line Drive, 6D, EV 95.0 MPH)
Del Tarrance to third
Runner from 3rd tries for Home, SAFE, throw by CF to home
Batting: RHB K.J. Avery 0-0: Called Strike
0-1: Foul Ball, location: 2F
0-2: Strikes out looking
Batting: RHB Ty Dec 0-0: DOUBLE (Flyball, 8RXD, EV 89.4 MPH)
Adrien Jimenez to third
Runner from 3rd tries for Home, SAFE, no throw by CF
Batting: SHB J.J. Evans 0-0: Ball
1-0: SINGLE (Groundball, 34D, EV 106.9 MPH)
Ty Dec to third
Runner from 3rd tries for Home, SAFE, throw by RF to home
J.J. Evans to second
Batting: LHB Tommy Tuten 0-0: Foul Ball, location: 2F
0-1: Ball
1-1: Ball
2-1: Ground out U3 (Groundball, 3, EV 85.6 MPH)
Bottom of the 5th over - 3 runs, 4 hits, 0 errors, 1 left on base; Phoenix 4 - Windy City 4
TOP OF THE 6TH
Phoenix Roadrunners batting - Pitching for Windy City Blues : RHP Cade Hogan
Batting: LHB Dwight Bell 0-0: Ball
1-0: Ball
2-0: Swinging Strike
2-1: Swinging Strike
2-2: Ball
3-2: Strikes out swinging
Batting: LHB Rayshaun Stuart 0-0: Ball
1-0: Ball
2-0: Fly out, F7 (Flyball, 7LM, EV 96.9 MPH)
Batting: LHB Devon Cundiff 0-0: Foul Ball, location: 2F
0-1: Foul Ball, location: 2F
0-2: Strikes out looking
Top of the 6th over - 0 runs, 0 hits, 0 errors, 0 left on base; Phoenix 4 - Windy City 4
BOTTOM OF THE 6TH
Windy City Blues batting - Pitching for Phoenix Roadrunners : RHP Louis Berry
Batting: LHB Idris Wnuk 0-0: Ball
1-0: Swinging Strike
1-1: Ball
2-1: Called Strike
2-2: Strikes out swinging
Batting: RHB Corbin Herron 0-0: Called Strike
0-1: Foul Ball, location: 2F
0-2: Foul Ball, location: 2F
0-2: Strikes out swinging
Batting: RHB Donovan Butler 0-0: Ball
1-0: Called Strike
1-1: Foul Ball, location: 2F
1-2: Ball
2-2: Strikes out looking
Bottom of the 6th over - 0 runs, 0 hits, 0 errors, 0 left on base; Phoenix 4 - Windy City 4
TOP OF THE 7TH
Phoenix Roadrunners batting - Pitching for Windy City Blues : RHP Cade Hogan
Batting: LHB Neil Wanat 0-0: Ground out 4-3 (Groundball, 4, EV 90.0 MPH)
Batting: RHB Reginald Botoman 0-0: Swinging Strike
0-1: Foul Ball, location: 2F
0-2: Ball
1-2: Ball
2-2: Foul Ball, location: 2F
2-2: Ball
3-2: Fly out, F9 (Line Drive, 89M, EV 85.6 MPH)
Batting: LHB Tavin Kang 0-0: Called Strike
0-1: Swinging Strike
0-2: Ground out 4-3 (Groundball, 34D, EV 83.8 MPH)
Top of the 7th over - 0 runs, 0 hits, 0 errors, 0 left on base; Phoenix 4 - Windy City 4
BOTTOM OF THE 7TH
Windy City Blues batting - Pitching for Phoenix Roadrunners : RHP Louis Berry
Batting: RHB Del Tarrance 0-0: Ball
1-0: Called Strike
1-1: Called Strike
1-2: Fly out, F7 (Flyball, 7LM, EV 88.8 MPH)
Pitching: RHP Cade de Jong
Batting: RHB Adrien Jimenez 0-0: Called Strike
0-1: Foul Ball, location: 2F
0-2: Ball
1-2: Strikes out looking
Batting: RHB K.J. Avery 0-0: Swinging Strike
0-1: Ball
1-1: Called Strike
1-2: Ball
2-2: Strikes out swinging, 2-3 out at first.
Bottom of the 7th over - 0 runs, 0 hits, 0 errors, 0 left on base; Phoenix 4 - Windy City 4
TOP OF THE 8TH
Phoenix Roadrunners batting - Pitching for Windy City Blues : RHP Cade Hogan
Batting: RHB Boone Gellings 0-0: Ball
1-0: Ball
2-0: Ball
3-0: Called Strike
3-1: Fly out, F5 (Line Drive, 5, EV 70.0 MPH)
Batting: RHB Tyrek Schaaf 0-0: Called Strike
0-1: Ball
1-1: Fly out, F8 (Flyball, 8LM, EV 90.0 MPH)
Batting: RHB Rick Anderson 0-0: Called Strike
0-1: Foul Ball, location: 2F
0-2: Foul Ball, location: 2F
0-2: Ball
1-2: Ball
2-2: Ball
3-2: Fly out, F8 (Line Drive, 89M, EV 91.2 MPH)
Top of the 8th over - 0 runs, 0 hits, 0 errors, 0 left on base; Phoenix 4 - Windy City 4
BOTTOM OF THE 8TH
Windy City Blues batting - Pitching for Phoenix Roadrunners : RHP Cade de Jong
Batting: RHB Ty Dec 0-0: Ball
1-0: Swinging Strike
1-1: Ground out 6-3 (Groundball, 6, EV 88.8 MPH)
Batting: SHB J.J. Evans 0-0: Ball
1-0: Called Strike
1-1: Foul Ball, location: 2F
1-2: Strikes out looking
Batting: LHB Tommy Tuten 0-0: Ball
1-0: Ball
2-0: SINGLE (Flyball, 4MD, EV 87.5 MPH)
Batting: LHB Idris Wnuk 0-0: Foul Ball, location: 2F
0-1: Called Strike
0-2: SINGLE (Groundball, 3D, EV 106.9 MPH)
Tommy Tuten to second
Runner from 2nd tries for 3rd, OUT! 9-5
Bottom of the 8th over - 0 runs, 2 hits, 0 errors, 1 left on base; Phoenix 4 - Windy City 4
TOP OF THE 9TH
Phoenix Roadrunners batting - Pitching for Windy City Blues : RHP Cade Hogan
Pitching: RHP Keegan Davies
Batting: LHB Dwight Bell 0-0: Foul Ball, location: 2F
0-1: Called Strike
0-2: Ground out 5-3 (Groundball, 6S, EV 71.2 MPH)
Batting: LHB Rayshaun Stuart 0-0: Ball
1-0: Fly out, F7 (Flyball, 78D, EV 82.5 MPH)
Batting: LHB Devon Cundiff 0-0: Called Strike
0-1: SOLO HOME RUN (Flyball, 89XD, EV 106.2 MPH), Distance : 413 ft
Batting: LHB Neil Wanat 0-0: Foul Ball, location: 2F
0-1: Ball
1-1: Called Strike
1-2: Ball
2-2: Strikes out swinging
Top of the 9th over - 1 run, 1 hit, 0 errors, 0 left on base; Phoenix 5 - Windy City 4
BOTTOM OF THE 9TH
Windy City Blues batting - Pitching for Phoenix Roadrunners : RHP Cade de Jong
Pitching: LHP Gerold Lentz
Now at 2B: Rick Anderson
Now at SS: Harrison Jordan
Batting: RHB Corbin Herron 0-0: Foul Ball, location: 2F
0-1: Ball
1-1: Called Strike
1-2: Strikes out swinging
Batting: RHB Donovan Butler 0-0: Ball
1-0: Ball
2-0: Reached on error, E6 (Groundball, 6, EV 98.1 MPH)
Batting: RHB Del Tarrance 0-0: Called Strike
0-1: Ball
1-1: SINGLE (Groundball, 56D, EV 97.5 MPH)
Donovan Butler to second
Runner from 2nd tries for 3rd, SAFE, throw by LF made to third
Batting: RHB Adrien Jimenez 0-0: Foul Ball, location: 2F
0-1: DOUBLE (Line Drive, 9LM, EV 106.2 MPH)
Donovan Butler scores
Del Tarrance to third
Batting: RHB K.J. Avery 0-0: SINGLE (Groundball, 6MD, EV 98.1 MPH)
Del Tarrance scores
Bottom of the 9th over - 2 runs, 3 hits, 1 error, 2 left on base; Phoenix 5 - Windy City 6
Friday, March 15th , 2024 - OOTP Baseball 23.10 Build 110